 Dungeon Crawl Stone Soup version 0.30-a0-777-ga9a30cbeda (webtiles) character file.

Game seed: 8825923065007122211

14 Newt the Trooper (level 2, -1/24 HPs)
             Began as a Demonspawn Gladiator on Feb 13, 2023.
             Killed from afar by a white imp (6 damage)
             ... with a puff of frost
             ... summoned by Natasha
             ... on level 2 of the Dungeon.
             The game lasted 00:00:49 (936 turns).

Newt the Trooper (Demonspawn Gladiator)              Turns: 936, Time: 00:00:49

Health: -1/24      AC:  4    Str: 14    XL:     2   Next: 27%
Magic:  2/2        EV: 12    Int:  9    God:
Gold:   22         SH:  4    Dex: 14    Spells: 1/1 levels left

rFire   . . .      SeeInvis .    a - +0 rapier
rCold   . . .      Faith    .    (no shield)
rNeg    . . .      Spirit   .    b - +0 leather armour
rPois   .          Reflect  .    c - +0 helmet
rElec   .          Harm     .    (no cloak)
rCorr   .          Rampage  .    (no gloves)
Will    .....                    (no boots)
Stlth   +                        (no amulet)
HPRegen 0.24/turn                (no ring)
MPRegen 0.08/turn                (no ring)

@: slowed, very slow
A: condensation shield
a: no special abilities


You were on level 2 of the Dungeon.
You visited 1 branch of the dungeon, and saw 2 of its levels.

You collected 22 gold pieces.

Inventory:

Hand Weapons
 a - a +0 rapier (weapon)
Missiles
 d - 3 throwing nets (quivered)
 e - a javelin
Armour
 b - a +0 leather armour (worn)
 c - a +0 helmet (worn)
 m - a +0 scale mail
Scrolls
 h - a scroll of fog
Potions
 i - a potion of brilliance
 k - a potion of degeneration {unknown}
 l - a potion of attraction {unknown}


   Skills:
 + Level 3.0 Fighting
 - Level 2.6 Short Blades
 - Level 1.7 Throwing
 - Level 2.6 Dodging


You had one spell level left.
You didn't know any spells.
Your spell library was empty.

Dungeon Overview and Level Annotations

Branches:
Dungeon (2/15)

Altars:

Annotations:
D:2 Natasha


Innate Abilities, Weirdness & Mutations

A meltable shield of frost defends you. (SH +4)


Message History

Found 8 gold pieces.
Natasha hisses angrily.
Natasha mumbles some strange words.
Natasha stares at you and mumbles some strange words.
You feel yourself slow down.
You hit the quokka.
The quokka is heavily wounded.
You block the quokka's attack.
The quokka bites you but does no damage.
Natasha mumbles some strange words.
You miss the quokka.
The quokka is heavily wounded.
The quokka bites you but does no damage.
Natasha casts a spell.
The quokka barely misses you. The shadow imp barely misses you.
You closely miss the quokka.
The quokka is heavily wounded.
The quokka closely misses you. The white imp gestures at you.
The puff of frost hits you! The shadow imp barely misses you.
The quokka closely misses you. The white imp hits you.
The white imp freezes you.
You are too injured to fight recklessly!
Unknown command.
The white imp attacks as you move away! The white imp hits you.
The white imp freezes you.
* * * LOW HITPOINT WARNING * * *
The quokka bites you but does no damage.
The quokka closely misses you. You block the shadow imp's attack.
The shadow imp attacks as you move away!
The shadow imp hits you.
* * * LOW HITPOINT WARNING * * *
Natasha wildly gestures.
You feel troubled. You block the white imp's attack.
You feel better. Natasha claws you.
* * * LOW HITPOINT WARNING * * *
The white imp gestures at you. The puff of frost hits you.
You die...

#.# ##.# ... ..#
#.# # # #.# .#
...####S###..# #.
......5r5.#..###..
.$.....5#@(......#
#..##.##h.#.##.#..
# #.##.........
#............
####..†#.##.##
........<.# #
.####...### ##...
###.


You could see Natasha, an adder, a white imp (summoned), a shadow imp (summoned)
and a quokka.

Vanquished Creatures
  A worm (D:2)
  A dart slug (D:1)
  A bat (D:1)
  An endoplasm (D:1)
  A goblin (D:1)
  A ball python (D:1)
  3 frilled lizards
  A rat (D:1)
10 creatures vanquished.

Notes
Turn   | Place    | Note
-------+----------+-------------------------------------------
     0 | D:1      | Newt the Demonspawn Gladiator began the quest for the Orb.
     0 | D:1      | Reached XP level 1. HP: 16/16 MP: 1/1
   205 | D:1      | Gained mutation: A meltable shield of frost defends you.
                  | (SH +4) [demonic ancestry]
   205 | D:1      | Reached XP level 2. HP: 13/23 MP: 2/2
   474 | D:1      | Found a faded altar of an unknown god.
   804 | D:2      | Reached skill level 3 in Fighting
   928 | D:2      | Noticed Natasha
   933 | D:2      | Noticed a crimson imp
   936 | D:2      | Killed from afar by a white imp

Illustrated notes

Levels and vault maps discovered:
D:1:      sevenhm_arrival_forest_fort_large_4, layout_loops_ring,
          shapermc_ecumenical_altar_acropolis, item_on_display_a
D:2:      layout_loops_ring, minmay_between, uniq_natasha

Skill      XL: |  1  2 |
---------------+-------+-----
Fighting       | 3 |  3.0
Short Blades   | |  2.6
Throwing       | |  1.7
Dodging        | |  2.6

Action                     || total
---------------------------++-------
  Melee: Rapier            ||    32
    Use: Scroll            ||     4
         Potion            ||     1
 Armour: Leather armour    ||    16
  Dodge: Dodged            ||    24
  Block: Other             ||     4

Table legend: (Time is in decaauts)
 A = Elapsed time spent in this place.
 B = Non-inter-level travel time spent in this place.
 C = Inter-level travel time spent in this place.
 D = Time resting spent in this place.
 E = Time spent auto-exploring this place.
 F = Levels seen in this place.
 G = Mean time per level.
                   A        B        C        D        E       F      G
               +--------+--------+--------+--------+--------+-----+--------+
         Total |    940 |    880 |     60 |    118 |    661 |   2 |  470.0 |
       Dungeon |    940 |    880 |     60 |    118 |    661 |   2 |  470.0 |
               +--------+--------+--------+--------+--------+-----+--------+

Top non-repeatable levels by time:
     D:1: 796 daAuts
     D:2: 144 daAuts
